 Dungeon Crawl Stone Soup version 0.18-a0-1778-gadce9fa (webtiles) character file.

10936 tsujin the Fighter (level 11, -4/92 HPs)
             Began as a Demonspawn Gladiator on Apr 17, 2016.
             Was a High Priest of Makhleb.
             Slain by a spiny frog (13 damage)
             ... on level 3 of the Lair of Beasts.
             The game lasted 00:24:01 (9463 turns).

tsujin the Fighter (Demonspawn Gladiator)           Turns: 9463, Time: 00:24:02

Health: -4/92      AC: 14    Str: 18    XL:     11   Next: 42%
Magic:  11/11      EV: 15    Int: 10    God:    Makhleb [*****.]
Gold:   515        SH:  0    Dex: 23    Spells: 0 memorised, 10 levels left

rFire  . . .     SeeInvis +     n - +6 halberd (freeze)
rCold  . . .     Gourm    .     w - +0 plate armour
rNeg   . . .     Faith    .     (shield currently unavailable)
rPois  .         Spirit   .     (helmet restricted)
rElec  .         Dismiss  .     (no cloak)
rCorr  .         Reflect  .     (no gloves)
SustAt .         Harm     .     (no boots)
MR     .....                    (no amulet)
Stlth  ..........               B - +4 ring of dexterity
                                r - ring of see invisible

@: agile, lethally poisoned (-4 -> -5), not resistant to hostile enchantments,
extremely unstealthy
A: horns 2, repulsion field 1, powered by death 2, powered by pain 1
a: Minor Destruction, Lesser Servant of Makhleb, Major Destruction, Greater
Servant of Makhleb, Renounce Religion


You were on level 3 of the Lair of Beasts.
You worshipped Makhleb.
Makhleb was extremely pleased with you.
You were hungry.

You visited 3 branches of the dungeon, and saw 12 of its levels.

You collected 515 gold pieces.

Inventory:

Hand Weapons
 n - a +6 halberd of freezing (weapon)
 s - a +2 spear of piercing
Missiles
 d - 7 throwing nets (quivered)
Armour
 w - a +0 plate armour (worn)
Jewellery
 r - a ring of see invisible (left hand)
 y - an uncursed ring of sustain attributes
 B - a +4 ring of dexterity (right hand)
 E - an uncursed ring of protection from fire
Wands
 m - a wand of teleportation (6/9)
 t - a wand of digging (6/24)
 v - a wand of disintegration (0/24)
 A - a wand of lightning (0/15)
Scrolls
 a - 2 scrolls of enchant weapon
 i - a scroll of silence
 u - 5 scrolls of remove curse
 C - a scroll of teleportation
 I - a scroll of identify
 K - a scroll of recharging
 L - a scroll of blinking
Potions
 b - a potion of heal wounds {unknown}
 c - 3 potions of mutation
 e - a potion of lignification {unknown}
 k - a potion of brilliance
 o - a potion of cancellation {unknown}
 q - 3 potions of curing
 z - a potion of invisibility {unknown}
 D - a potion of flight {unknown}
 F - a potion of berserk rage
 H - a potion of resistance
 J - a potion of might
Comestibles
 f - 5 bread rations
 h - 2 royal jellies
 j - 14 fruits
 l - 3 beef jerkies
 p - 2 slices of pizza
 x - 2 meat rations


   Skills:
 + Level 10.7 Fighting
 + Level 10.2 Polearms
 - Level 1.7 Throwing
 + Level 9.5 Armour
 - Level 2.6 Dodging


You had 10 spell levels left.
You didn't know any spells.

Dungeon Overview and Level Annotations

Branches:
Dungeon (8/15)             Temple (1/1) D:5            Lair (3/8) D:8
  Swamp: Lair:3-6    Shoals: Lair:3-6     Snake: Lair:3-6    Spider: Lair:3-6

Altars:
Ashenzari
Cheibriados
Dithmenos
Elyvilon
Fedhas
Gozag
Kikubaaqudgha
Makhleb
Nemelex Xobeh
Okawaru
Qazlal
Ru
Sif Muna
Trog
Vehumet
Xom
Yredelemnul
Zin
The Shining One


Innate Abilities, Weirdness & Mutations

You have a pair of horns on your head.
You are surrounded by a mild repulsion field (EV +2).
You regenerate health from kills.
You sometimes gain a little power by taking damage.


Message History

You closely miss the black mamba.
You headbutt the black mamba, but do no damage.
The black mamba bites you! The spiny frog stings you.
The black mamba bites you.
You take 14 damage, and have 36/92 hp.
The black mamba bites you but does no damage.
The black mamba bites you!
* * * LOW HITPOINT WARNING * * *
You are poisoned.
The black mamba poisons you!
You take 10 damage, and have 26/92 hp.
You feel sick. The black mamba bites you.
* * * LOW HITPOINT WARNING * * *
You take 4 damage, and have 22/92 hp.
You feel sick. The black mamba bites you!
* * * LOW HITPOINT WARNING * * *
You focus on the pain.
You feel agile all of a sudden. The spiny frog stings you!
You die...

#.. .... ...
#.. #.P###
####
#P.#.##.#.##
#...F@#...##
#...S........
#.#..<........
#.#.......#.
#......[..#
#........[#
...........#
........#..###
.r......P.####


You could see a black mamba and a spiny frog.

Vanquished Creatures
  A hydra (Lair:1)
  The ghost of OldManZealot the Arsonist, a novice DEFE of Vehumet (D:8)
  Joseph (D:7)
  6 spiny frogs
  3 komodo dragons
  9 yaks
  4 hippogriffs
  4 water moccasins
  2 porcupines
  Duvessa (D:4)
  A sky beast (D:6)
  4 orc warriors
  2 eyes of draining (D:8)
  An ice beast (D:8)
  2 necrophages
  5 ogres
  A black bear (D:8)
  A phantom (D:7)
  2 centaurs (D:5)
  The ghost of knot the Sneak, an amateur DsAs (D:3)
  5 crocodiles
  4 giant frogs
  Dowan (D:4)
  A scorpion (D:5)
  2 howler monkeys
  3 crimson imps
  2 centaur zombies
  2 jellies
  2 hounds
  6 orc priests
  5 orc wizards
  2 gnoll shamans (D:6)
  Ijyb (D:2)
  9 iguanas
  5 worker ants
  A hound skeleton (D:5)
  Robin (D:2)
  51 gnolls
  5 river rats (Lair:1)
  8 adders
  A howler monkey skeleton (D:6)
  A shadow imp (D:5)
  An adder zombie (D:6)
  3 worms
  A dart slug (D:1)
  4 giant geckos
  25 orcs
  4 giant cockroaches
  18 goblins
  7 hobgoblins
  19 jackals
  A quokka (D:2)
  2 ball pythons (D:1)
  8 bats
  A giant gecko zombie (D:8)
  5 giant newts
  2 jackal skeletons
  A jackal zombie (D:7)
  13 kobolds
  8 rats
293 creatures vanquished.

Vanquished Creatures (others)
  A fungus (Lair:2)
1 creature vanquished.

Grand Total: 294 creatures vanquished

Notes
Turn   | Place    | Note
--------------------------------------------------------------
     0 | D:1      | tsujin the Demonspawn Gladiator began the quest for the Orb.
     0 | D:1      | Reached XP level 1. HP: 16/16 MP: 1/1
   257 | D:1      | Gained mutation: You are surrounded by a mild repulsion field (EV +2). [demonic ancestry]
   257 | D:1      | Reached XP level 2. HP: 19/22 MP: 2/2
   460 | D:1      | Reached skill level 1 in Armour
   965 | D:2      | Noticed Ijyb
   965 | D:2      | Noticed Robin
  1076 | D:2      | Gained mutation: You regenerate a little health from kills. [demonic ancestry]
  1076 | D:2      | Reached XP level 3. HP: 28/28 MP: 3/3
  1147 | D:2      | Killed Ijyb
  1147 | D:2      | Gained mutation: You regenerate health from kills. [demonic ancestry]
  1147 | D:2      | Reached XP level 4. HP: 27/34 MP: 4/4
  1434 | D:2      | Killed Robin
  1491 | D:2      | Found a shadowy altar of Dithmenos.
  1632 | D:2      | Gained mutation: You have a pair of small horns on your head. [demonic ancestry]
  1632 | D:2      | Reached XP level 5. HP: 38/41 MP: 5/5
  1639 | D:2      | Found an iron altar of Okawaru.
  1931 | D:3      | Found a deep blue altar of Sif Muna.
  2182 | D:3      | Found a stormy altar of Qazlal.
  2231 | D:3      | Noticed knot's ghost (amateur DsAs)
  2277 | D:3      | Killed knot's ghost
  2298 | D:3      | Found an ancient bone altar of Kikubaaqudgha.
  2310 | D:3      | Reached XP level 6. HP: 48/48 MP: 6/6
  2660 | D:4      | Noticed Duvessa
  2663 | D:4      | Noticed Dowan
  2674 | D:4      | Killed Duvessa
  2700 | D:4      | Killed Dowan
  2702 | D:4      | Gained mutation: You sometimes gain a little power by taking damage. [demonic ancestry]
  2702 | D:4      | Reached XP level 7. HP: 55/55 MP: 7/7
  2873 | D:4      | Reached skill level 5 in Polearms
  3057 | D:4      | Reached skill level 5 in Fighting
  3188 | D:5      | Entered Level 5 of the Dungeon
  3262 | D:5      | Found a staircase to the Ecumenical Temple.
  3274 | Temple   | Entered the Ecumenical Temple
  3402 | Temple   | Became a worshipper of Makhleb the Destroyer
  3548 | D:5      | Reached XP level 8. HP: 56/63 MP: 8/8
  3762 | D:5      | Reached skill level 5 in Armour
  4161 | D:6      | Reached * piety under Makhleb
  4214 | D:6      | Found a shimmering altar of Xom.
  4556 | D:6      | Reached ** piety under Makhleb
  4725 | D:6      | Reached XP level 9. HP: 72/72 MP: 9/9
  4788 | D:6      | Reached *** piety under Makhleb
  5680 | D:7      | Found a white marble altar of Elyvilon.
  5712 | D:7      | Noticed Joseph
  5727 | D:7      | Killed Joseph
  6157 | D:8      | Found a shattered altar of Ashenzari.
  6270 | D:8      | Found a staircase to the Lair.
  6469 | D:8      | Reached **** piety under Makhleb
  6633 | D:8      | Noticed OldManZealot's ghost (novice DEFE)
  6637 | D:8      | Killed OldManZealot's ghost
  6637 | D:8      | Gained mutation: You have a pair of horns on your head. [demonic ancestry]
  6637 | D:8      | Reached XP level 10. HP: 82/82 MP: 10/10
  6945 | Lair:1   | Entered Level 1 of the Lair of Beasts
  7032 | Lair:1   | Noticed a seven-headed hydra
  7599 | Lair:1   | Noticed a spiny frog
  7605 | Lair:1   | Killed a spiny frog
  7694 | Lair:1   | Noticed a spiny frog
  7700 | Lair:1   | Killed a spiny frog
  7728 | Lair:1   | Reached ***** piety under Makhleb
  7868 | Lair:1   | Noticed a seven-headed hydra
  7910 | Lair:1   | Killed a seven-headed hydra
  7910 | Lair:1   | Reached skill level 10 in Fighting
  8117 | Lair:1   | Reached XP level 11. HP: 90/90 MP: 11/11
  8884 | Lair:2   | Reached skill level 10 in Polearms
  9364 | Lair:2   | Noticed a seven-headed hydra
  9463 | Lair:3   | Slain by a spiny frog

Vault maps used:
D:1:      elethiomel_arrival_maze
D:2:      okawaru_ov_weapons_minmay, nicolae_overflow_hidden_temple, uniq_iyjb,
          uniq_robin
D:3:      overflow_temple_1_default, kiku_gazebo_pond_becter, first_bread,
          grunt_ministairs_6, grunt_qazlal_sundering
D:4:      uniq_duvessa
D:5:      minmay_temple_entry_glass
D:6:      lemuel_castle_with_subvaults, lemuel_crystal_altar, minmay_holes,
          st_stairs_11
D:7:      elyvilon_altar_1, serial_bayou_lagoon_a, uniq_joseph
D:8:      ashenzari_conservatory_becter, lair_0_dummy
Temple:   circular_temple_12
Lair:1:   st_stairs_8
Lair:2:   beast_lair_carwin_11, lemuel_fruit_fields, infiniplex_staircase_pool
Lair:3:   portal_ice_cave_entry_imps

Skill      XL: |  1  2  3  4  5  6  7  8  9 10 11 |
---------------+----------------------------------+-----
Polearms       | 3 4 5 6 8 9 10 | 10.2
Armour         | 1 2 3 4 6 7 8 9 |  9.5
Fighting       | 3 4 5 7 8 10 | 10.7
Throwing       | |  1.7
Dodging        | |  2.6

Action                   |  1- 3 |  4- 6 |  7- 9 | 10-12 || total
-------------------------+-------+-------+-------+-------++-------
Melee: Trident           |   143 |   228 |   104 |       ||   475
       Headbutt          |       |    28 |   109 |    46 ||   183
       Spear             |       |       |   226 |     8 ||   234
       Halberd           |       |       |   224 |   189 ||   413
Throw: Throwing net      |       |       |     1 |       ||     1
Evoke: Wand              |       |       |       |     5 ||     5
  Use: Scroll            |       |     3 |    15 |     6 ||    24
       Potion            |       |       |     1 |     4 ||     5
 Stab: Fleeing           |       |       |       |     1 ||     1
  Eat: Chunk             |     1 |     5 |    14 |     9 ||    29
Armor: Ring mail         |    39 |     1 |       |       ||    40
       Chain mail        |       |   121 |     4 |       ||   125
       Plate armour      |       |       |   256 |    95 ||   351
Dodge: Dodged            |    90 |   118 |   205 |    83 ||   496
